 Dungeon Crawl Stone Soup version 0.16-a0-3706-g5dff784 (console) character file.

30 MrRokkomies the Insei (level 3, -8/24 HPs)
             Began as an Octopode Transmuter on Jan 19, 2015.
             Mangled by Sigmund
             ... wielding a +0 scythe
              (9 damage)
             ... on level 2 of the Dungeon.
             The game lasted 00:02:31 (949 turns).

MrRokkomies the Insei (Octopode Transmuter)          Turns: 949, Time: 00:02:32

Health: -8/24      AC:  1    Str:  9    XL:     3   Next: 20%
Magic:  4/6        EV: 12    Int: 16    God:
Gold:   110        SH:  0    Dex: 12    Spells: 1 memorised, 5 levels left

rFire  . . .     SeeInvis .       - Unarmed
rCold  . . .     Clarity  .     (no shield)
rNeg   . . .     SustAb   .     (helmet restricted)
rPois  .         Gourm    .     (no amulet)
rElec  .         Spirit   .     (no ring)
rCorr  .         Warding  .     (no ring)
rMut   .         Stasis   .     (no ring)
MR     .....                    (no ring)
Stlth  ++........               (no ring)
                                (no ring)
                                (no ring)
                                (no ring)

@: lethally poisoned, appendage (expiring), not resistant to hostile
enchantments, unstealthy
A: almost no armour, amphibious, 8 rings, constrict 8, tentacle spike 3,
camouflage 1, gelatinous body 1
a: End Transformation


You were on level 2 of the Dungeon.
You were not hungry.
One of your tentacles had a temporary spike.
You visited 1 branch of the dungeon, and saw 2 of its levels.

You collected 110 gold pieces.

Inventory:

Missiles
 b - 19 arrows
 e - 29 stones (quivered)
 j - 14 arrows of flame
 k - 18 poisoned needles
Scrolls
 f - a scroll of identify {unknown}
 m - a scroll of teleportation {unknown}
Potions
 l - a potion of magic {unknown}
Books
 d - a book of Changes

   Spells                             Type                      Level
   a - Beastly Appendage              Transmutation                1
   b - Sticks to Snakes               Transmutation                2
   c - Spider Form                    Transmutation/Poison         3
   d - Ice Form                       Ice/Transmutation            4
   e - Blade Hands                    Transmutation                5
Comestibles
 a - a bread ration
 g - 4 fruits
 h - a beef jerky
 i - a meat ration


   Skills:
 * Level 2.1 Fighting
 - Level 2.0 Dodging
 * Level 3.5 Unarmed Combat
 - Level 2.0 Spellcasting
 + Level 2.2 Transmutations


You had 5 spell levels left.
You knew the following spells:

 Your Spells              Type           Power        Failure   Level  Hunger
a - Beastly Appendage     Trmt           #.....       10%         1    #......


Dungeon Overview and Level Annotations

Branches:
Dungeon (2/15)

Altars:

Annotations:
D:2 Sigmund


Innate Abilities, Weirdness & Mutations

You cannot wear most types of armour.
You are amphibious.
You can wear up to eight rings at the same time.
You can use your tentacles to constrict many enemies at once.
Your skin changes colour to match your surroundings (Stealth).
Your rubbery body absorbs attacks (AC +1).
One of your tentacles bears a large vicious spike.


Message History

You closely miss the adder. You grab the adder.
The adder is severely wounded.
Your transformation is almost over.
You constrict the adder.
* * * LOW HITPOINT WARNING * * *
You feel sick. The adder bites you.
* * * LOW HITPOINT WARNING * * *
Drink which item? (? for menu, Esc to quit)
It was a potion of restore abilities.
You feel refreshed.
You constrict the adder.
You kill the adder!
Your Fighting skill increases to level 2!
You have reached level 3!
Your experience leads to an increase in your attributes!
Increase (S)trength, (I)ntelligence, or (D)exterity?
You feel clever.
* * * LOW HITPOINT WARNING * * *
You feel sick.
Sigmund hits you from afar with a scythe!
You die...

###############
#.............#
########.###########.#
............@.@.>.##.#
####.###.######†#.##.#
#.#.....# #@# #.#
#.#.#.#.# #.# #.#
#.#...#.# #.# #.#
#.#####.# #.# #.#
#.@....[# ..# #.#
#.###.#†# ### #<# #.
#.#.# ### #. #.#.# #.
#.#.#


You could see Sigmund.

Vanquished Creatures
  An adder (D:2)
  7 bats
  4 giant cockroaches (D:1)
  A hobgoblin (D:1)
  A giant gecko (D:1)
  A giant newt (D:1)
  6 goblins
  A rat (D:1)
22 creatures vanquished.

Notes
Turn   | Place    | Note
--------------------------------------------------------------
     0 | D:1      | MrRokkomies, the Octopode Transmuter, began the quest for the Orb.
     0 | D:1      | Reached XP level 1. HP: 13/13 MP: 3/3
   197 | D:1      | Reached XP level 2. HP: 16/18 MP: 4/4
   926 | D:2      | Noticed Sigmund
   949 | D:2      | Reached XP level 3. HP: 2/24 MP: 4/6
   949 | D:2      | HP: 1/24 [poisoned by an adder]
   949 | D:2      | Mangled by Sigmund

Action                   || total
-------------------------++-------
Melee: Unarmed           ||    50
 Cast: Beastly Appendage ||     2
  Use: Potion            ||     1
 Stab: Sleeping          ||     2
       Distracted        ||     1
